 Dungeon Crawl Stone Soup version 0.31-a0-662-g684573625c (webtiles) character file.

Game seed: 16166612443850607249

191 Shayle the Changeling (level 5, -3/48 HPs)
             Began as an Ogre Shapeshifter on Sept 1, 2023.
             Slain by Menkaure (17 damage)
             ... on level 5 of the Dungeon.
             The game lasted 00:07:25 (2236 turns).

Shayle the Changeling (Ogre Shapeshifter)           Turns: 2236, Time: 00:07:25

Health: -3/48      AC:  4    Str: 17    XL:     5   Next: 70%
Magic:  4/4        EV: 10    Int: 12    God:
Gold:   154        SH:  0    Dex: 12    Spells: 4/4 levels left

rFire   . .          .
                       - Unarmed
rCold   . . .        (no shield)
rNeg    . . .        a - +1 animal skin
rPois   .            (helmet currently unavailable)
rElec   .            (cloak currently unavailable)
rCorr   .            (gloves unavailable)
SInv    .            (boots unavailable)
Will    .....        (no amulet)
Stlth   +            (no ring)
HPRegen 0.28/turn    (no ring)
MPRegen 0.09/turn

%: no passive effects
@: brilliant, beast-form, weak-willed, hasted, very quick
A: beast (slay +2), large, unfitting armour, tough skin 1, agile 1, low MP 1,
sturdy frame 1
a: Begin Untransformation


You were on level 5 of the Dungeon.
You were a hulking beast.
You visited 1 branch of the dungeon, and saw 4 of its levels.

You collected 154 gold pieces.

Inventory:

Hand Weapons
 b - a +0 dagger of venom
Armour
 a - a +1 animal skin (worn)
Jewellery
 f - an amulet of guardian spirit
 i - a +6 ring of strength
Talismans
 c - a beast talisman (active)
 d - a flux talisman
Scrolls
 l - a scroll of vulnerability
Potions
 p - a potion of heal wounds {unknown}


   Skills:
 - Level 1.3 Fighting
 - Level 1.7 Dodging
 + Level 4.4 Unarmed Combat
 + Level 4.6 Shapeshifting


You had 4 spell levels left.
You didn't know any spells.
Your spell library contained the following spells:

 Spells                   Type           Power      Damage    Failure   Level
 Apportation              Tloc           0%         N/A       32%         1
 Cigotuvi's Dreadful Rot  Necr/Pois/Air  0%         N/A       45%         2
 Ignite Poison            Fire/Tmut/Pois 0%         N/A       69%         3
 Summon Guardian Golem    Hex/Summ       0%         N/A       69%         3
 Alistair's Intoxication  Tmut/Pois      0%         N/A       100%        5
 Freezing Cloud           Conj/Ice/Air   0%         6-21      100%        5
 Orb of Destruction       Conj           0%         9d5       100%        7
 Spellforged Servitor     Conj/Summ      0%         N/A       100%        7


Dungeon Overview and Level Annotations

Branches:
Dungeon (5/15)
 Temple: D:4-7

Altars:
Yredelemnul

Annotations:
D:5 Menkaure


Innate Abilities, Weirdness & Mutations

You are a hulking beast.
Your limbs bulge with bestial killing power. (Slay +2)
You are too large for most types of armour.
You have tough skin. (AC +1)
You are agile. (Dex +4, Str/Int -1)
Your magical capacity is low. (-10% MP)
Your movements are slightly less encumbered by armour. (ER -2)


Message History

Menkaure calls on the powers of darkness!
The hound convulses!
The hound barks!
Your body is wracked with pain!
Okay, then.
As you read the scroll labelled QAHUDE FOCA, it crumbles to dust.
Magic quickly surges around you.
It was a scroll of vulnerability.
As you read the scroll labelled GYMEAZX HOFIMU, it crumbles to dust.
The air around you briefly surges with heat, but it dissipates.
It was a scroll of immolation.
As you read the scroll labelled ONLORI JAMALIZ, it crumbles to dust.
You hear a loud clanging noise!
It was a scroll of noise.
As you read the scroll labelled TENAZI NEEN, it crumbles to dust.
It is a scroll of amnesia.
You feel forgetful for a moment. The hound bites you.
The air fills with toxic fumes!
As you read the scroll labelled CAGEGUU CEWOPN, it crumbles to dust.
It was a scroll of poison.
The hound bites you.
As you read the scroll labelled ADWOFU TEXUO, it crumbles to dust.
It is a scroll of enchant armour.
Your +0 animal skin glows green for a moment.
The hound bites you but does no damage. The hound bites you.
Unknown command.
You hit the hound. You punch the hound.
You kill the hound!
Menkaure calls on the powers of darkness!
Your body is wracked with pain!
* * * LOW HITPOINT WARNING * * *
Okay, then.
It was a potion of haste.
You feel yourself speed up.
It was a potion of brilliance.
You feel clever all of a sudden.
It was a potion of magic.
Magic courses through your body. Menkaure hits you.
* * * LOW HITPOINT WARNING * * *
It was a potion of mutation.
You feel extremely strange.
You feel less encumbered by your armour.
You feel agile.
You feel less energetic.
It was a potion of curing.
You feel better. Menkaure hits you!
You die...

.h.. .h.. .. .M... ...
..... ####+#### #.#
...... #§☼○§§☼§# #.#
......##h☼§§§§§## #.#
.§§§☼.§M§☼§§§○§§+ #.#
##○§○##☼§§○☼☼§§§#
###.####+# #☼§§§§§§§§☼.
##........#####☼§§○○§§#
##......##..##.#§#§☼§#+#
#.....#####.##.§§#####
......# #.'..○§○.#
.....## ###......#


You could see Menkaure.

Vanquished Creatures
  A hound (D:5)
  2 orc wizards (D:4)
  4 adders
  2 gnolls
  An ufetubus (D:4)
  A worm (D:2)
  3 orcs (D:4)
  5 ball pythons
  2 endoplasms
  3 giant cockroaches (D:1)
  5 hobgoblins
  4 jackals (D:4)
  A quokka (D:1)
  3 bats
  3 frilled lizards
  12 goblins
  A kobold (D:1)
  7 rats
60 creatures vanquished.

Notes
Turn   | Place    | Note
-------+----------+-------------------------------------------
     0 | D:1      | Shayle the Ogre Shapeshifter began the quest for the Orb.
     0 | D:1      | Reached XP level 1. HP: 19/19 MP: 1/1
   198 | D:1      | Reached XP level 2. HP: 17/27 MP: 2/2
   466 | D:1      | Reached XP level 3. HP: 30/33 MP: 3/3
   989 | D:2      | Reached XP level 4. HP: 34/41 MP: 4/4
  1269 | D:2      | You fall into a shaft and drop 2 floors!
  1300 | D:4      | Found a basalt altar of Yredelemnul.
  1389 | D:4      | Reached XP level 5. HP: 17/48 MP: 5/5
  2188 | D:5      | Entered Level 5 of the Dungeon
  2221 | D:5      | Noticed Menkaure
  2235 | D:5      | Gained mutation: Your movements are slightly less
                  | encumbered by armour. (ER -2) [potion of mutation]
  2235 | D:5      | Gained mutation: You are agile. (Dex +4, Str/Int -1)
                  | [potion of mutation]
  2235 | D:5      | Gained mutation: Your magical capacity is low. (-10% MP)
                  | [potion of mutation]
  2236 | D:5      | Slain by Menkaure

Illustrated notes

Levels and vault maps discovered:
D:1:      wander_arrival_estate, layout_basic, chequers_serial_rivers_large_a,
          minmay_pentomino_q4
D:2:      layout_loops_cross
D:4:      minmay_goblin_kobold_castle, layout_loops_cross,
          mainiacjoe_overflow_24_doors, kennysheep_decorative_pillar,
          nrook_mini_vaults
D:5:      nicolae_cairo_tiling_very_big, layout_cave_pods, serial_shops,
          nicolae_shop_hallway_stairs, uniq_menkaure, uniq_eustachio, uniq_ijyb

Skill      XL: |  1  2  3  4 |
---------------+-------------+-----
Unarmed Combat | 3 4 |  4.4
Shapeshifting  | 4 |  4.6
Fighting       | |  1.3
Dodging        | |  1.7

Action                     |  1- 3 |  4- 6 || total
---------------------------+-------+-------++-------
  Melee: Unarmed           |    96 |    71 ||   167
         Punch             |     5 |     4 ||     9
    Use: Potion            |     1 |     5 ||     6
         Scroll            |       |     6 ||     6
 Armour: Animal skin       |    47 |    65 ||   112
         Skin              |     4 |       ||     4
  Dodge: Dodged            |    32 |    29 ||    61

Table legend: (Time is in decaauts)
 A = Elapsed time spent in this place.
 B = Non-inter-level travel time spent in this place.
 C = Inter-level travel time spent in this place.
 D = Time resting spent in this place.
 E = Time spent auto-exploring this place.
 F = Levels seen in this place.
 G = Mean time per level.
                   A        B        C        D        E       F      G
               +--------+--------+--------+--------+--------+-----+--------+
         Total |   2224 |   2147 |     77 |    246 |   1336 |   4 |  556.0 |
       Dungeon |   2224 |   2147 |     77 |    246 |   1336 |   4 |  556.0 |
               +--------+--------+--------+--------+--------+-----+--------+

Top non-repeatable levels by time:
     D:4: 914 daAuts
     D:1: 868 daAuts
     D:2: 394 daAuts
     D:5: 46 daAuts
